 Dungeon Crawl Stone Soup version 0.18.1-48-g4cf74bf (webtiles) character file.

492 Joat the Insei (level 7, -6/52 HPs)
             Began as a Merfolk Transmuter on Sept 2, 2016.
             Killed from afar by Blork the orc (9 damage)
             ... with a puff of flame
             ... on level 3 of the Dungeon.
             The game lasted 00:21:12 (3977 turns).

Joat the Insei (Merfolk Transmuter)                 Turns: 3977, Time: 00:21:13

Health: -6/52      AC:  2    Str: 10    XL:     7   Next: 14%
Magic:  10/11      EV: 23    Int: 14    God:
Gold:   129        SH:  0    Dex: 20    Spells: 3 memorised, 3 levels left

rFire  . . .     SeeInvis .       - Unarmed
rCold  . . .     Gourm    .     (armour currently unavailable)
rNeg   . . .     Faith    .     (shield currently unavailable)
rPois  x         Spirit   .     (helmet currently unavailable)
rElec  .         Dismiss  .     (cloak currently unavailable)
rCorr  .         Reflect  .     (gloves currently unavailable)
SustAt .         Harm     .     (boots currently unavailable)
MR     .....                    (no amulet)
Stlth  ++........               (no ring)
                                (no ring)

@: spider-form (expiring), not resistant to hostile enchantments, unstealthy
A: (change form in water), (swift swim)
a: End Transformation


You were on level 3 of the Dungeon.
You were not hungry.
You were a venomous arachnid creature.
You visited 1 branch of the dungeon, and saw 3 of its levels.

You collected 129 gold pieces.

Inventory:

Missiles
 a - 40 arrows
Armour
 b - a +0 robe
 s - a +0 helmet (melded)
 t - a +0 robe of the Archmagi (melded)
 u - a +1 robe of positive energy
Wands
 q - a wand of polymorph (17/24)
Scrolls
 e - a scroll of immolation
 f - a scroll of random uselessness {unknown}
 j - 3 scrolls of identify {unknown}
 l - 2 scrolls of teleportation {unknown}
 n - 2 scrolls of magic mapping {unknown}
 o - a scroll of blinking {unknown}
 r - a scroll of enchant weapon {unknown}
 w - a scroll of noise {unknown}
 x - a scroll of enchant armour {unknown}
Potions
 h - a potion of lignification {unknown}
 k - a potion of magic
 m - a potion of invisibility {unknown}
Books
 c - a book of Changes

   Spells                             Type                      Level
   a - Beastly Appendage              Transmutation                1
   b - Sticks to Snakes               Transmutation                2
   c - Spider Form                    Transmutation/Poison         3
   d - Ice Form                       Ice/Transmutation            4
   e - Blade Hands                    Transmutation                5
Comestibles
 d - 3 bread rations
 g - 6 fruits
 i - 2 meat rations
 p - 3 beef jerkies
 z - a chunk of flesh


   Skills:
 + Level 3.1 Fighting
 + Level 4.2 Dodging
 * Level 5.3 Unarmed Combat
 + Level 2.8 Spellcasting
 + Level 4.0 Transmutations
 + Level 3.5 Poison Magic


You had 3 spell levels left.
You knew the following spells:

 Your Spells              Type           Power        Failure   Level  Hunger
c - Ice Form              Ice/Trmt       #.......     97%         4    #####..
q - Beastly Appendage     Trmt           ##....       14%         1    #......
v - Spider Form           Trmt/Pois      ##........   32%         3    ###....


Dungeon Overview and Level Annotations

Branches:
Dungeon (3/15)

Altars:
Fedhas
Qazlal
Sif Muna
Zin

Annotations:
D:3 Blork the orc


Message History

Blork the orc seems to speed up.
Blork the orc gestures at you while chanting.
The magic dart hits you! Blork the orc casts a spell at you.
The magic dart hits you! Blork the orc casts a spell at you.
The puff of flame hits you!
Blork the orc is engulfed in a cloud of scalding steam.
Blork the orc points at you and mumbles some strange words.
The puff of flame hits you!
Found a deep blue altar of Sif Muna.
Blork the orc gestures at you while chanting.
The puff of flame hits you!
* * * LOW HITPOINT WARNING * * *
You are engulfed in a cloud of scalding steam.
* * * LOW HITPOINT WARNING * * *
Your transformation is almost over.
Blork the orc points at you and mumbles some strange words.
The puff of flame hits you!
You die...

#....≈≈≈....##.#.#.#.#.#.
#...≈≈≈≈≈...###.#.#.#.#.#
#...≈≈.(.≈≈...#.#.#.#.#.#.
#...≈≈.>.≈≈...##.#.#.#.#.#
#...≈≈..o≈≈...#.#.#.#.#.#(
##...≈≈≈§≈...###.#.#.#.#.#
#....≈≈§....##.#.#.#.#.#.
#.........##.#.#.#......
#.....s.##.#.#.#.#.....
####...###.#.#.#.#......
#.##._.##.#<#...#)#.#.#.
##.#...#.........#.#.#.#
#.######........#.#.#.#.
########.#.#.#.....#.#.#)#.#.#
#.......#.#.#.......#.#.#.#.#.
#........#.#.#.#.#.#.#.#.#.#.#
#.......#.#.#.#.#.#.#.#.#.#...


You could see Blork the orc.

Vanquished Creatures
  Sigmund (D:3)
  2 orc priests (D:3)
  An orc wizard (D:3)
  Natasha (twice) (D:3)
  Robin (D:2)
  10 adders
  A worm (D:2)
  A dart slug (D:1)
  2 giant geckos
  8 orcs (D:3)
  A ball python (D:2)
  A giant cockroach (D:3)
  16 goblins
  10 hobgoblins
  4 jackals
  9 kobolds
  A quokka (D:2)
  5 bats
  A giant newt (D:3)
  7 rats
84 creatures vanquished.

Notes
Turn   | Place    | Note
--------------------------------------------------------------
     0 | D:1      | Joat the Merfolk Transmuter began the quest for the Orb.
     0 | D:1      | Reached XP level 1. HP: 15/15 MP: 3/3
   147 | D:1      | Reached XP level 2. HP: 7/21 MP: 5/5
   882 | D:1      | Reached XP level 3. HP: 26/26 MP: 6/6
   902 | D:1      | Learned a level 3 spell: Spider Form
  1064 | D:2      | Noticed Robin
  1342 | D:2      | Reached skill level 4 in Unarmed Combat
  1342 | D:2      | Reached skill level 1 in Poison Magic
  1504 | D:2      | Reached XP level 4. HP: 22/32 MP: 5/7
  1509 | D:2      | Killed Robin
  2562 | D:2      | Reached XP level 5. HP: 27/38 MP: 6/8
  2908 | D:3      | Noticed Natasha
  2918 | D:3      | Killed Natasha
  3029 | D:3      | Noticed Natasha
  3034 | D:3      | Killed Natasha
  3040 | D:3      | Found a stormy altar of Qazlal.
  3040 | D:3      | Found a blossoming altar of Fedhas.
  3041 | D:3      | Found a glowing silver altar of Zin.
  3105 | D:3      | Reached XP level 6. HP: 25/46 MP: 6/9
  3339 | D:3      | Reached skill level 5 in Unarmed Combat
  3373 | D:3      | Learned a level 4 spell: Ice Form
  3664 | D:3      | Noticed Sigmund
  3678 | D:3      | Killed Sigmund
  3678 | D:3      | Reached XP level 7. HP: 49/52 MP: 7/11
  3953 | D:3      | Noticed Blork the orc
  3971 | D:3      | Found a deep blue altar of Sif Muna.
  3977 | D:3      | Killed from afar by Blork the orc

Skill      XL: |  1  2  3  4  5  6 |
---------------+-------------------+-----
Dodging        | 3 4 |  4.2
Transmutations | 3 4 |  4.0
Unarmed Combat | 4 5 |  5.3
Poison Magic   | 1 2 3 |  3.5
Fighting       | 2 3 |  3.1
Spellcasting   | |  2.8

Action                   |  1- 3 |  4- 6 |  7- 9 || total
-------------------------+-------+-------+-------++-------
Melee: Unarmed           |   119 |   175 |     8 ||   302
       Headbutt          |     5 |     1 |       ||     6
       Punch             |     1 |     1 |       ||     2
Throw: Tomahawk          |       |       |     3 ||     3
 Cast: Beastly Appendage |     6 |     5 |       ||    11
       Spider Form       |       |    10 |     1 ||    11
  Use: Scroll            |     1 |       |       ||     1
       Potion            |     1 |       |       ||     1
  Eat: Chunk             |     2 |     9 |     1 ||    12
Armor: Robe              |    20 |    18 |     1 ||    39
       Skin              |       |     3 |       ||     3
Dodge: Dodged            |    86 |   135 |     3 ||   224
